 Dungeon Crawl Stone Soup version 0.31.0-7-gf635a9b802 (webtiles) character file.

Game seed: 1557343537925378108

602 cdecastro the Arsonist (level 7, -1/35 (36) HPs)
             Began as a Deep Elf Fire Elementalist on Jan 22, 2024.
             Was a Believer of Qazlal.
             Slain by a wight
             ... wielding a +3 hand axe of freezing
              (3 damage)
             ... on level 4 of the Dungeon on Jan 23, 2024.
             The game lasted 00:11:25 (4525 turns).

cdecastro the Arsonist (Deep Elf Fire Elementalist) Turns: 4525, Time: 00:11:26

HP:   -1/35 (36)    AC:  2    Str:  5    XL:     7   Next: 18%
MP:   8/13          EV: 12    Int: 22    God:    Qazlal [**....]
Gold: 34            SH:  2    Dex: 15    Spells: 3/12 levels left

rFire   . . .        x - +1 mace (protect)
rCold   . . .        (no shield)
rNeg    . . .        a - +0 robe
rPois   .            (no helmet)
rElec   .            (no cloak)
rCorr   .            (no gloves)
SInv    .            (no boots)
Will    .....        (no amulet)
Stlth   ++           (no ring)
HPRegen 0.25/turn    (no ring)
MPRegen 0.13/turn

%: no passive effects
@: lightly drained
A: no striking features
a: Renounce Religion, Upheaval


You were on level 4 of the Dungeon.
You worshipped Qazlal.
Qazlal was pleased with you.
You visited 1 branch of the dungeon, and saw 5 of its levels.

You collected 255 gold pieces.
You spent 221 gold pieces at shops.

Inventory:

Hand Weapons
 x - a +1 mace of protection (weapon)
Armour
 a - a +0 robe (worn)
Jewellery
 w - a ring of see invisible
Talismans
 e - a beast talisman
Scrolls
 c - 6 scrolls of identify {unknown}
 f - 5 scrolls of teleportation {unknown}
 g - 2 scrolls of poison {unknown}
 h - a scroll of blinking {unknown}
 j - a scroll of vulnerability {unknown}
 k - a scroll of torment {unknown}
 l - 2 scrolls of enchant armour {unknown}
 m - a scroll of fog {unknown}
 n - 2 scrolls of revelation {unknown}
 q - 3 scrolls of fear {unknown}
 t - a scroll of brand weapon {unknown}
 u - a scroll of summoning {unknown}
 y - a scroll of immolation {unknown}
 z - a scroll of noise {unknown}
Potions
 b - a potion of magic
 d - 3 potions of berserk rage
 i - 3 potions of lignification {unknown}
 o - 3 potions of heal wounds
 p - 3 potions of brilliance
 r - a potion of enlightenment {unknown}
 s - a potion of degeneration {unknown}
 v - a potion of curing


   Skills:
 - Level 2.4 Dodging
 - Level 2.4 Stealth
 - Level 3.0 Spellcasting
 - Level 1.1 Conjurations
 + Level 9.2 Fire Magic


You had 3 spell levels left.
You knew the following spells:

 Your Spells              Type           Power      Damage    Failure   Level
a - Foxfire               Conj/Fire      100%       2x1d9     1%          1
b - Scorch                Fire           86%        2d8       1%          2
c - Volatile Blastmotes   Fire/Tloc      46%        2d13      5%          3
d - Inner Flame           Hex/Fire       23%        N/A       5%          3

Your spell library contained the following spells:

 Spells                   Type           Power      Damage    Failure   Level
 Tukima's Dance           Hex            3%         N/A       36%         3
 Flame Wave               Conj/Fire      25%        2d8       16%         4
 Passage of Golubria      Tloc           3%         N/A       77%         4
 Irradiate                Conj/Alch      2%         3d12      95%         5
 Yara's Violent Unravell  Hex/Alch       1%         3d3       98%         5
 Ignition                 Fire           21%        3d8       100%        8


Dungeon Overview and Level Annotations

Branches:
Dungeon (5/15)
 Temple: D:4-7

Altars:
Hepliaklqana
Okawaru
Qazlal
Vehumet

Shops:
D:4 !

Annotations:
D:5 exclusion: steam dragon


Message History

Your foxfire dissipates!
You see here an iguana corpse. 3 wights come into view.
A wight is wielding a +3 scimitar of freezing, quivering poisoned darts and carrying a wand of mindburst.
A wight is wielding a +3 hand axe of freezing.
The wight moves out of view.
There are monsters nearby!
There are monsters nearby!
You see here a +0 spear.
There is a stone staircase leading up here.
Casting: Scorch (safe; 1% risk of failure)
Confirm with . or Enter, or press ? or * to list all spells.
Flames lash the wight.
The wight is moderately damaged.
The wight's fire resistance burns away.
Unknown command.
The wight hits you with a +3 hand axe of freezing!
The wight freezes you.
You climb upwards.
There is a stone staircase leading down here.
Unknown command.
The wight is no longer more vulnerable to fire.
The wight attacks as it pursues you!
The wight hits you with a +3 hand axe of freezing!
* * * LOW HITPOINT WARNING * * *
The wight freezes you.
* * * LOW HITPOINT WARNING * * *
Casting: Scorch (safe; 1% risk of failure)
Confirm with . or Enter, or press ? or * to list all spells.
Flames lash the wight.
The wight is heavily damaged.
The wight's fire resistance burns away.
Unknown command.
Casting: Scorch (safe; 1% risk of failure)
Confirm with . or Enter, or press ? or * to list all spells.
Flames lash the wight.
The wight is burned terribly!
The wight is severely damaged.
The wight hits you with a +3 hand axe of freezing!
* * * LOW HITPOINT WARNING * * *
You feel drained.
You die...

#.# #.#.##.#####....##...##. #.#
#)#...........#.###..... #.#
#.####.#......#.#######. #.# #.#
#.#.#....#....##### #.#######.#
#.#.#.#######...... #......##.#
#.#.#.).......####.
######.##.####.#.##.#...##......
#.†.......>.§○.......)........
#.##.#######z@.....).....####.
##.##.# #.###........## #.
#..##.# #.# #......### #.
#.###.# ###.# ##.#)..# #. #.#
#.# #...# #.#..## #. ###.###.#
#.### #.#..########. ........#
#.# #............. .##.##### #.#
###..######### .##.# #.# #..#


You could see a wight (combustible).

Vanquished Creatures
  An ice beast (D:5)
  An ogre (D:4)
  Blork the orc (D:4)
  2 hounds (D:4)
  2 bombardier beetles
  An orc priest (D:4)
  A gnoll bouda (D:4)
  An iguana (D:5)
  3 gnolls (D:4)
  6 adders
  2 dart slugs
  A ribbon worm (D:3)
  4 orcs (D:4)
  10 ball pythons
  3 bats (D:1)
  5 endoplasms
  4 giant cockroaches
  3 goblins
  5 hobgoblins
  6 jackals
  4 kobolds
  2 quokkas (D:4)
  5 frilled lizards
  6 rats
79 creatures vanquished.

Vanquished Creatures (others)
  204 foxfires
204 creatures vanquished.

Grand Total: 283 creatures vanquished

Notes
Turn   | Place    | Note
-------+----------+-------------------------------------------
     0 | D:1      | cdecastro the Deep Elf Fire Elementalist began the quest
                  | for the Orb.
     0 | D:1      | Reached XP level 1. HP: 10/10 MP: 6/6
   220 | D:1      | Reached skill level 4 in Fire Magic
   220 | D:1      | Reached XP level 2. HP: 15/15 MP: 4/8
   880 | D:1      | Upgraded the game from 0.31.0-4-g52a2dc7128 to
                  | 0.31.0-7-gf635a9b802
   914 | D:1      | Reached XP level 3. HP: 19/19 MP: 6/9
  1325 | D:2      | Learned a level 3 spell: Inner Flame
  1329 | D:2      | Learned a level 3 spell: Volatile Blastmotes
  1398 | D:2      | Found a faded altar of an unknown god.
  1411 | D:2      | Prayed at the altar of an unknown god.
  1411 | D:2      | Became a worshipper of Qazlal Stormbringer
  1411 | D:2      | Reached * piety under Qazlal
  1525 | D:2      | Reached skill level 5 in Fire Magic
  1990 | D:3      | Reached XP level 4. HP: 24/24 MP: 6/10
  2053 | D:3      | Learned a level 2 spell: Scorch
  2308 | D:3      | Found an iron altar of Okawaru.
  2326 | D:3      | Found a hazy altar of Hepliaklqana.
  2327 | D:3      | Found a radiant altar of Vehumet.
  2776 | D:4      | Reached skill level 6 in Fire Magic
  2893 | D:4      | Noticed an ogre
  2898 | D:4      | Killed an ogre
  2899 | D:4      | Reached XP level 5. HP: 28/28 MP: 4/11
  2935 | D:4      | Reached ** piety under Qazlal
  2936 | D:4      | Reached skill level 7 in Fire Magic
  3235 | D:4      | Reached XP level 6. HP: 28/32 MP: 7/12
  3248 | D:4      | Noticed Blork the orc
  3250 | D:4      | Killed Blork the orc
  3338 | D:4      | Reached skill level 8 in Fire Magic
  3451 | D:4      | Found Fetei's Distillery.
  3484 | D:4      | Bought a potion of curing for 39 gold pieces
  3484 | D:4      | Bought a potion of brilliance for 52 gold pieces
  3484 | D:4      | Bought a potion of berserk rage for 65 gold pieces
  3484 | D:4      | Bought a potion of heal wounds for 65 gold pieces
  3767 | D:4      | Identified the +1 ring mail of Yredelemnul's Grace {Rampage
                  | Str+4 Stlth-}
  4242 | D:5      | Entered Level 5 of the Dungeon
  4296 | D:5      | Noticed a steam dragon
  4344 | D:5      | Noticed an ice beast
  4349 | D:5      | Killed an ice beast
  4350 | D:5      | Reached skill level 9 in Fire Magic
  4350 | D:5      | Reached XP level 7. HP: 36/36 MP: 5/13
  4525 | D:4      | Slain by a wight

Illustrated notes

Levels and vault maps discovered:
D:1:      minmay_arrival_open_corners, layout_basic, minmay_misc_feat_pillars
D:2:      layout_rooms, hellmonk_ecumenical_altar_lost_god
D:3:      layout_basic, minitemple, interstate_on_off
D:4:      layout_loops_ring, serial_shops, nicolae_diamond_shop,
          saegor_snake_ambush, uniq_blork_the_orc
D:5:      kennysheep_steamy, layout_loops_ring, dreamdust_divine_triumvirate,
          minmay_temple_entry_stoned_glass, uniq_ijyb

Skill      XL: |  1  2  3  4  5  6 |
---------------+-------------------+-----
Fire Magic     | 4 5 6 7 9 |  9.2
Dodging        | |  2.4
Stealth        | |  2.4
Spellcasting   | |  3.0
Conjurations   | |  1.1

Action                     |  1- 3 |  4- 6 |  7- 9 || total
---------------------------+-------+-------+-------++-------
   Cast: Foxfire           |    81 |    33 |     2 ||   116
         Scorch            |       |    39 |     4 ||    43
 Armour: Robe              |    25 |     4 |     3 ||    32
  Dodge: Dodged            |    37 |     8 |       ||    45
  Block: Other             |       |     1 |       ||     1
